 Dungeon Crawl Stone Soup version 0.21.1-1-g345015f (webtiles) character file.

343749 Mgcat the Warrior (level 22, -3/150 HPs)
             Began as a Gargoyle Monk on Feb 11, 2018.
             Was the Champion of Makhleb.
             Hit by a large rock thrown by a stone giant (19 damage)
             ... on level 4 of the Vaults.
             The game lasted 02:19:34 (38448 turns).

Mgcat the Warrior (Gargoyle Monk)                  Turns: 38448, Time: 02:19:34

Health: -3/150     AC: 42    Str: 21    XL:     22   Next: 6%
Magic:  33/33      EV: 21    Int: 13    God:    Makhleb [******]
Gold:   2183       SH: 21    Dex: 27    Spells: 19/31 levels left

rFire    . . .     SeeInvis +   N - +1 broad axe
rCold    + + +     Gourm    .   Q - +3 shield {AC+3}
rNeg     + . .     Faith    .   b - +1 ring mail of the Prince {rC+++ rCorr Str-2 SInv}
rPois    ∞         Spirit   .   l - +0 helmet of Follow the Leader {Dex+7}
rElec    +         Reflect  +   q - +2 cloak
rCorr    +         Harm     .   k - +2 pair of gloves {Dex+3}
MR       ++...                  R - +2 pair of boots {run}
Stlth    +++.......             X - +4 amulet of reflection
HPRegen  0.35/turn              s - ring of protection from magic {MR+, !d}
MPRegen  0.23/turn              a - +5 ring of strength

@: marked, flying, studying 2 skills, quick
A: big wings, negative energy resistance 1, electricity resistance, unbreathing,
petrification resistance, rot immunity, AC +16
}: 2/15 runes: serpentine, barnacled
a: Stop Flying, Minor Destruction, Lesser Servant of Makhleb, Major Destruction,
Greater Servant of Makhleb, Renounce Religion


You were on level 4 of the Vaults.
You worshipped Makhleb.
Makhleb was exalted by your worship.
You were very hungry.

You visited 7 branches of the dungeon, and saw 37 of its levels.
You visited 1 bazaar.
You also visited: Sewer, Ice Cave and Wizlab.

You collected 3244 gold pieces.
You spent 1061 gold pieces at shops.

Inventory:

Hand Weapons
 f - the +9 staff of Wucad Mu {channel}
   (You found it in a wizard's laboratory)
 r - a +9 broad axe of electrocution
   (You took it off an orc knight on level 2 of the Orcish Mines)
 N - a +1 broad axe (weapon)
   (You took it off a death knight on level 4 of the Vaults)
Missiles
 h - 10 tomahawks of dispersal {=f}
 t - 8 curare-tipped needles
 L - 101 tomahawks (quivered)
 W - 12 throwing nets {=f, !d}
Armour
 b - the +1 ring mail of the Prince (worn) {rC+++ rCorr Str-2 SInv}
   (You found it on level 5 of the Lair of Beasts)

   It affects your strength (-2).
   It renders you almost immune to cold.
   It lets you see invisible.
   It protects you from acid and corrosion.
 k - a +2 pair of gloves of dexterity (worn)
   (You found it in an ice cave)
 l - the +0 helmet of Follow the Leader (worn) {Dex+7}
   (You found it on level 4 of the Shoals)

   It affects your dexterity (+7).
 q - a +2 cloak (worn)
   (You found it on level 9 of the Dungeon)
 A - a +2 large shield
   (You took it off a vault guard on level 2 of the Vaults)
 E - a +2 pair of boots
   (You bought it in a shop in a bazaar)
 K - the +2 ring mail "Culuh" {rF+ Dex+5 Stlth+}
   (You found it on level 5 of the Dungeon)

   It affects your dexterity (+5).
   It protects you from fire.
   It makes you more stealthy.
 Q - a +3 shield of protection (worn)
   (You found it on level 4 of the Shoals)
 R - a +2 pair of boots of running (worn)
   (You found it on level 3 of the Vaults)
Jewellery
 a - a +5 ring of strength (right hand)
   (You found it on level 1 of the Lair of Beasts)
 s - a ring of protection from magic (left hand) {MR+, !d}
   (You found it on level 4 of the Shoals)
 D - an uncursed ring of protection from fire {rF+, !d}
   (You acquired it on level 6 of the Lair of Beasts)
 X - a +4 amulet of reflection (around neck)
   (You found it on level 1 of the Elven Halls)
Wands
 u - a wand of disintegration (31)
   (You found it on level 14 of the Dungeon)
 y - a wand of clouds (7)
   (You took it off Ijyb on level 3 of the Dungeon)
 H - a wand of iceblast (46)
   (You found it on level 1 of the Snake Pit)
 O - a wand of acid (15)
   (You found it on level 2 of the Shoals)
Scrolls
 c - 22 scrolls of teleportation
 g - 5 scrolls of fear
 j - 22 scrolls of remove curse
 m - a scroll of summoning
 n - 2 scrolls of magic mapping {!r}
 v - 12 scrolls of identify
 B - a scroll of amnesia
 C - 6 scrolls of fog
 Z - 4 scrolls of blinking {!r}
Potions
 d - 3 potions of invisibility
 e - a potion of brilliance
 o - 5 potions of might
 x - 3 potions of agility
 F - 6 potions of mutation {!q}
 G - a potion of experience {unknown}
 I - a potion of resistance
Books
 p - a book of Fire
   (You found it on level 12 of the Dungeon)
 w - a manual of Fighting {!d}
   (You found it in a wizard's laboratory)
 V - a manual of Armour {!d}
   (You found it on level 4 of the Shoals)
Miscellaneous
 z - 2 phantom mirrors
 J - a lamp of fire
   (You found it on level 15 of the Dungeon)
 M - a crystal ball of energy
   (You found it on level 2 of the Vaults)
Comestibles
 i - 53 rations
 S - 8 chunks of flesh {@w0}


   Skills:
 + Level 19.3 Fighting
 + Level 15.8(16.0) Axes
   Level 4.9(12.3) Maces & Flails
 - Level 6.1 Throwing
 + Level 16.3 Armour
 + Level 10.3 Dodging
 + Level 6.3 Stealth
 + Level 10.7 Shields
 - Level 5.0 Spellcasting
 + Level 11.2 Conjurations
 + Level 11.0 Fire Magic
 - Level 15.0 Invocations
 - Level 5.0 Evocations


You had 19 spell levels left.
You knew the following spells:

 Your Spells              Type           Power        Failure   Level  Hunger
a - Conjure Flame         Conj/Fire      ####....     1%          3    ###....
b - Fireball              Conj/Fire      ####......   13%         5    ######.
c - Sticky Flame          Conj/Fire      ####....     4%          4    ####...


Dungeon Overview and Level Annotations

Branches:
Dungeon (15/15)            Temple (0/1) D:5            Lair (6/6) D:8
 Shoals (4/4) Lair:3        Snake (4/4) Lair:3        Slime (0/5) Lair:6
    Orc (2/2) D:12            Elf (2/3) Orc:2        Vaults (4/5) D:13
  Crypt (0/3) Vaults:2     Depths (0/5) D:15

Altars:
Cheibriados
Fedhas
Gozag
Kikubaaqudgha
Makhleb
Okawaru
Trog
Vehumet
Xom
Yredelemnul
The Shining One
Beogh

Shops:
D:12 *(   Orc:2 =(*[   Elf:1 *   Shoals:1 *   Shoals:3 (   Snake:2 }=}
Vaults:4 *

Annotations:
Lair:6 exclusions: hydra and 2 oklob plants
Shoals:1 exclusion: Roxanne, Roxanne
Elf:2 2 runed doors


Innate Abilities, Weirdness & Mutations

You are resistant to torment.
Your stone body is resilient. (AC +16)
You are immune to poison.
Your large and strong wings let you fly indefinitely.
You resist negative energy. (rN+)
You are resistant to electric shocks. (rElec)
You can survive without breathing.
You are immune to petrification.
You are immune to rotting.


Message History

The vault sentinel is heavily wounded.
The vault sentinel misses you.
You slice the vault sentinel!!
You kill the vault sentinel!
Makhleb accepts your kill.
You closely miss the two-headed ogre. You block the two-headed ogre's attack.
The two-headed ogre hits you but does no damage.
You hit the two-headed ogre.
The two-headed ogre is lightly wounded.
You slash the two-headed ogre!
The two-headed ogre is moderately wounded.
The ironbrand convoker begins to recite a word of recall!
You block the two-headed ogre's attack.
The two-headed ogre hits you but does no damage.
You hit the two-headed ogre but do no damage.
The two-headed ogre is moderately wounded.
You block the two-headed ogre's attack. x2
You hit the two-headed ogre but do no damage.
The two-headed ogre is moderately wounded.
You slash the two-headed ogre!
The two-headed ogre is moderately wounded.
You block the two-headed ogre's attack. x2
You hit the two-headed ogre.
The two-headed ogre is moderately wounded.
A stone giant comes into view.
You slash the two-headed ogre!
The two-headed ogre is severely wounded.
You hit the stone giant.
The two-headed ogre completely misses you.
You block the two-headed ogre's attack.
You slash the two-headed ogre!
The two-headed ogre is almost dead.
You slash the stone giant! The stone giant hits you!!
You block the two-headed ogre's attack. The two-headed ogre misses you.
You are too injured to fight recklessly!
You are too injured to fight recklessly!
You are too injured to fight recklessly!
You are too injured to fight recklessly!
You are too injured to fight recklessly!
You are too injured to fight recklessly!
You are too injured to fight recklessly!
The stone giant throws a large rock.
The large rock hits you!!
There is an open door here.
You see here a large rock {!d}.
An ogre comes into view. It is wielding a giant spiked club.
You block the two-headed ogre's attack. x2
There is an open door here.
You see here a large rock {!d}.
You are too injured to fight recklessly!
You are too injured to fight recklessly!
You are too injured to fight recklessly!
You are too injured to fight recklessly!
You hit the two-headed ogre.
The two-headed ogre is almost dead.
You are too injured to fight recklessly!
You are too injured to fight recklessly!
You slice the stone giant!!
The stone giant is moderately wounded.
You hit the stone giant.
The stone giant is heavily wounded.
The stone giant hits you!
You hit the stone giant.
The stone giant is heavily wounded.
You slice the stone giant!!
The stone giant is severely wounded.
The stone giant hits you.
You barely miss the stone giant.
The stone giant is severely wounded.
The stone giant hits you but does no damage.
A great orb of eyes comes into view.
You are feeling very hungry.
You barely miss the stone giant.
The stone giant is severely wounded.
The stone giant hits you but does no damage.
You slash the stone giant!
The stone giant is severely wounded.
The ironbrand convoker gestures at the stone giant while chanting.
The stone giant seems to grow stronger.
You block the stone giant's attack.
An orc warrior comes into view. It is wielding a battleaxe.
You hit the stone giant.
The stone giant is almost dead.
The stone giant hits you!!
* * * LOW HITPOINT WARNING * * *
You are too injured to fight recklessly!
You are too injured to fight recklessly!
You are too injured to fight recklessly!
A demon appears!
It doesn't seem very happy.
The stone giant throws a large rock.
The large rock hits you.
* * * LOW HITPOINT WARNING * * *
The ironbrand convoker gestures at the two-headed ogre while chanting.
Unknown command.
Unknown command.
Unknown command.
Unknown command.
Unknown command.
A demon appears!
The stone giant throws a large rock.
The large rock hits you but does no damage.
The stone giant throws a large rock.
The large rock hits you!!
You die...

.......+..##cpW##..#
.......#.#.#pc[#c#c#
.......##.#####O#.##
..<....#.#.#.#o#.#.#
....)..##.#.#G#p#.##
[......#.#.#...#C#.#
######'#########(###
#..###..###(2#
#.........2@.#
##...####...##
#..........#
##.#.≈≈≈≈.#.##
#..#.≈≈≈≈.#..#
#..#.≈≈≈≈.#..#
##.#.≈≈≈≈.#.##
#..........#
##...####...##


You could see a cacodemon, a stone giant, an ironbrand convoker and a friendly
blizzard demon.

Vanquished Creatures
  Vashnia (Snake:2)
  A deep elf blademaster (Elf:2)
  A kraken (Shoals:4)
  2 sphinxes
  3 tengu reavers (Vaults:3)
  Gastronok (Lair:3)
  A storm dragon (Vaults:4)
  11 nagarajas
  4 fire giants
  Ilsuiw (Shoals:4)
  Aizul (Snake:1)
  2 frost giants
  2 ghouls
  An orc warlord (Orc:2)
  A deep elf elementalist (Elf:2)
  10 vault wardens
  6 ironheart preservers
  A very ugly thing (Vaults:1)
  A vampire knight (Vaults:2)
  4 stone giants
  A deep elf demonologist (Elf:1)
  The ghost of Scuka the Carver, a journeyman BaFi of Cheibriados (Lair:4)
  A deep elf annihilator (Elf:1)
  An orange crystal statue (WizLab)
  Snorg (D:14)
  2 blizzard demons (IceCv)
  3 merfolk javelineers (Shoals:4)
  An ettin (Vaults:3)
  Josephine (D:14)
  6 ogre magi
  5 fire dragons
  Erolcha (Orc:1)
  9 merfolk impalers
  A deep elf high priest (Elf:1)
  A hell beast (D:12)
  2 great orbs of eyes
  10 naga warriors
  A rakshasa (Vaults:3)
  9 yaktaur captains
  8 vault guards
  An alligator snapping turtle (Shoals:4)
  3 hydras
  A catoblepas (Lair:6)
  8 anacondas
  A merfolk aquamancer (Shoals:2)
  3 merfolk avatars
  29 two-headed ogres
  2 death knights
  10 centaur warriors
  26 dancing weapons
  3 satyrs
  3 tengu warriors
  A deep troll shaman (Vaults:2)
  2 death yaks
  13 naga sharpshooters
  8 orc high priests
  Urug (D:15)
  9 shock serpents
  9 deep elf knights
  A salamander mystic (Snake:3)
  A sea snake (shapeshifter) (Vaults:3)
  6 skeletal warriors
  4 unseen horrors
  3 flayed ghosts
  A swamp dragon (Lair:6)
  5 deep trolls
  20 sea snakes
  A fire crab (shapeshifter) (Vaults:1)
  3 wizards
  6 naga ritualists
  3 phantasmal warriors
  7 ironbrand convokers
  33 deep elf magi
  7 deep elf archers
  A harpy (shapeshifter) (Vaults:2)
  35 ugly things
  10 orc knights
  A lindwurm (Lair:6)
  21 harpies
  4 orc sorcerers
  An oklob plant (Lair:2)
  A wolf spider zombie (D:15)
  7 wolf spiders
  6 mana vipers
  6 salamanders
  7 cyclopes
  11 manticores
  7 merfolk sirens
  10 fauns
  6 elephants
  8 water nymphs
  7 guardian serpents
  9 vault sentinels
  34 black mambas
  An ice statue (IceCv)
  14 spiny frogs
  13 naga magi
  2 orange demons (D:12)
  A torpor snail (Lair:5)
  2 gargoyles
  3 centaur skeletons
  4 anaconda simulacra (IceCv)
  4 rime drakes
  8 freezing wraiths
  7 komodo dragons
  28 yaktaurs
  2 golden dragon simulacra (IceCv)
  5 ice devils (IceCv)
  A troll (shapeshifter) (Vaults:3)
  23 merfolk
  A polar bear (shapeshifter) (Vaults:1)
  7 wind drakes
  6 trolls
  A polar bear (Lair:5)
  A meliai (shapeshifter) (D:15)
  6 harpy zombies (Shoals:2)
  9 blink frogs
  4 dream sheep
  3 hornets
  12 hippogriffs
  6 snapping turtles
  19 slime creatures
  A human simulacrum (Vaults:3)
  Sigmund (D:2)
  A vampire (D:10)
  A shadow (D:13)
  A tarantella (shapeshifter) (D:15)
  A spriggan (D:7)
  12 water elementals
  5 wyverns
  3 air elementals (Elf:1)
  8 wraiths
  5 basilisks
  35 yaks
  2 fire elementals (Elf:1)
  A death yak simulacrum (IceCv)
  A yaktaur simulacrum (Vaults:3)
  A steam dragon (Lair:6)
  7 vampire mosquitoes
  4 harpy simulacra (IceCv)
  2 hungry ghosts
  5 wargs
  2 iron troll simulacra (IceCv)
  54 nagas
  4 acid dragons
  Menkaure (D:6)
  6 hydra simulacra (IceCv)
  3 porcupines
  6 water moccasins
  6 ice beasts
  3 swamp drakes (Lair:6)
  An ettin simulacrum (IceCv)
  2 black bears
  A swamp drake (shapeshifter) (Vaults:3)
  A hornet zombie (D:15)
  19 ogres
  46 orc warriors
  A phantom (D:9)
  A necrophage (D:8)
  4 sky beasts
  8 boggarts
  8 crocodiles
  6 wolves
  10 centaurs
  3 big kobolds
  A wyvern zombie (D:14)
  10 bullfrogs
  An earth elemental (Elf:2)
  3 wyvern skeletons
  A scorpion (D:10)
  15 killer bees
  18 wights
  4 electric eels
  7 howler monkeys
  7 crimson imps
  4 centaur zombies
  A quasit (D:10)
  20 orc priests
  4 draconian simulacra (IceCv)
  6 iron imps (D:12)
  7 jellies
  9 hounds
  3 bullfrog zombies
  Jessica (D:2)
  5 bullfrog skeletons
  Ijyb (D:3)
  5 iguanas
  22 orc wizards
  2 spriggan simulacra (IceCv)
  3 worker ants
  3 troll simulacra (IceCv)
  A wolf simulacrum (IceCv)
  A killer bee zombie (D:8)
  2 hound zombies
  3 hound skeletons
  A mummy (D:8)
  22 adders
  2 naga simulacra (IceCv)
  A river rat (D:4)
  An ogre simulacrum (IceCv)
  4 shadow imps
  7 white imps (IceCv)
  7 ufetubi (IceCv)
  An adder zombie (D:8)
  2 adder skeletons
  5 worms
  3 dart slugs
  2 leopard geckos
  88 orcs
  7 ball pythons
  7 giant cockroaches
  5 goblins
  11 hobgoblins
  16 jackals
  27 kobolds
  7 quokkas
  10 bats
  12 frilled lizards
  2 jackal skeletons (D:7)
  A leopard gecko zombie (D:6)
  3 quokka skeletons
  7 rats
  7 fungi
  13 plants
  2 tentacles (Shoals:4)
1485 creatures vanquished.

Vanquished Creatures (collateral kills)
  Nikola (Shoals:1)
  An ironheart preserver (Vaults:2)
  A dire elephant (D:15)
  A merfolk javelineer (Shoals:4)
  A fire dragon (Vaults:2)
  A great orb of eyes (Vaults:4)
  A merfolk impaler (Shoals:1)
  An anaconda (Snake:3)
  5 hydras
  2 merfolk aquamancers
  A naga warrior (Snake:2)
  2 two-headed ogres
  2 dancing weapons
  An ogre mage (Vaults:2)
  A satyr (Shoals:4)
  A death yak (Lair:6)
  An orc high priest (Orc:2)
  5 naga sharpshooters (Snake:2)
  4 skeletal warriors (D:11)
  3 deep elf knights
  3 sea snakes (Shoals:4)
  A deep elf archer (Elf:2)
  2 orc knights
  A harpy (Shoals:2)
  A wolf spider (Vaults:2)
  A faun (Shoals:4)
  6 deep elf magi
  3 orc sorcerers
  A manticore (Shoals:1)
  A naga mage (Snake:4)
  3 black mambas
  A guardian serpent (Snake:2)
  A merfolk siren (Shoals:2)
  A rime drake (Lair:6)
  6 merfolk
  A troll (D:8)
  The ghost of Scuka the Carver, an amateur BaFi (D:4)
  2 slime creatures
  A dream sheep (Shoals:1)
  A hippogriff (D:11)
  3 water elementals
  A wyvern (D:11)
  3 nagas
  A water moccasin (Lair:5)
  9 orc warriors
  A porcupine (Lair:5)
  3 ogres
  3 wolves (D:8)
  A centaur (D:4)
  Blork the orc (D:6)
  A water moccasin skeleton (D:4)
  An electric eel (D:8)
  7 orc priests
  9 orc wizards
  A hound (D:8)
  A mummy (D:8)
  A hound skeleton (D:11)
  A shadow imp (D:11)
  16 orcs
  A jackal (D:11)
  A tentacle (Shoals:4)
140 creatures vanquished.

Vanquished Creatures (others)
  A merfolk impaler (Shoals:4)
  2 dancing weapons
  A centaur warrior (Vaults:3)
  A death yak (Lair:6)
  A shadow wraith (Vaults:4)
  A sea snake (Shoals:4)
  2 deep elf archers (Elf:2)
  A wizard (Vaults:1)
  2 deep elf magi (Elf:2)
  A naga mage (Snake:4)
  3 yaktaurs
  A water elemental (Elf:1)
  An orc warrior (Vaults:1)
  A boggart (Vaults:2)
  3 ogres
  4 orcs (Orc:2)
  6 fungi
  15 plants
  6 tentacles (Shoals:4)
53 creatures vanquished.

Grand Total: 1678 creatures vanquished

Notes
Turn   | Place    | Note
-------+----------+-------------------------------------------
     0 | D:1      | Mgcat the Gargoyle Monk began the quest for the Orb.
     0 | D:1      | Reached XP level 1. HP: 14/14 MP: 1/1
   128 | D:1      | Reached XP level 2. HP: 19/19 MP: 2/2
   624 | D:2      | Reached XP level 3. HP: 24/24 MP: 3/3
   630 | D:2      | Reached skill level 4 in Fighting
   636 | D:2      | Found a snail-covered altar of Cheibriados.
   672 | D:2      | Noticed Sigmund
   687 | D:2      | HP: 5/24 [Sigmund/scythe (2)]
   689 | D:2      | Killed Sigmund
   689 | D:2      | Reached skill level 5 in Fighting
   689 | D:2      | Reached skill level 4 in Maces & Flails
   689 | D:2      | Reached XP level 4. HP: 31/31 MP: 4/4
   689 | D:2      | Reached XP level 5. HP: 35/35 MP: 5/5
   692 | D:2      | Found a burning altar of Makhleb.
   703 | D:2      | Became a worshipper of Makhleb the Destroyer
   703 | D:2      | Reached * piety under Makhleb
   703 | D:2      | Reached ** piety under Makhleb
  1255 | D:2      | Noticed Jessica
  1262 | D:2      | Killed Jessica
  1262 | D:2      | Reached XP level 6. HP: 40/40 MP: 6/6
  1622 | D:3      | Reached skill level 1 in Axes
  1638 | D:3      | Noticed Ijyb
  1667 | D:3      | Killed Ijyb
  2149 | D:3      | Reached skill level 6 in Fighting
  2448 | D:4      | Reached skill level 2 in Axes
  2452 | D:4      | Reached *** piety under Makhleb
  2507 | D:4      | Found a glowing drain.
  2537 | Sewer    | Entered a sewer
  2705 | Sewer    | Reached XP level 7. HP: 47/47 MP: 7/7
  3261 | D:4      | Noticed Scuka's ghost (amateur BaFi)
  3379 | D:4      | Killed Scuka's ghost
  3379 | D:4      | Reached skill level 3 in Axes
  3440 | D:4      | Reached skill level 7 in Fighting
  3706 | D:5      | Entered Level 5 of the Dungeon
  3984 | D:5      | Got a warped ring mail
  3995 | D:5      | Identified the +2 ring mail "Culuh" {rF+ Dex+5 Stlth+} (You found it on level 5 of the Dungeon)
  4033 | D:5      | Reached skill level 4 in Axes
  4104 | D:5      | Reached XP level 8. HP: 47/54 MP: 8/8
  4158 | D:5      | Found a staircase to the Ecumenical Temple.
  4378 | D:5      | Reached **** piety under Makhleb
  4737 | D:6      | Reached skill level 8 in Fighting
  4830 | D:6      | Reached skill level 5 in Axes
  4923 | D:6      | Found a basalt altar of Yredelemnul.
  4965 | D:6      | Noticed Menkaure
  4976 | D:6      | Killed Menkaure
  5084 | D:6      | Noticed Blork the orc
  5114 | D:6      | Killed Blork the orc
  5299 | D:6      | Reached skill level 9 in Fighting
  5438 | D:6      | Found a radiant altar of Vehumet.
  5439 | D:6      | Found an opulent altar of Gozag.
  5533 | D:7      | Reached skill level 6 in Axes
  5533 | D:7      | Reached XP level 9. HP: 52/60 MP: 9/9
  6083 | D:7      | Reached skill level 10 in Fighting
  6147 | D:7      | Reached skill level 7 in Axes
  6176 | D:7      | Found a shimmering altar of Xom.
  6176 | D:7      | Found a shimmering altar of Xom.
  6177 | D:7      | Found a shimmering altar of Xom.
  6177 | D:7      | Found a shimmering altar of Xom.
  6177 | D:7      | Found a shimmering altar of Xom.
  6178 | D:7      | Found a shimmering altar of Xom.
  6179 | D:7      | Found a shimmering altar of Xom.
  6735 | D:8      | Noticed a troll
  6754 | D:8      | Killed a troll
  6783 | D:8      | Reached skill level 8 in Axes
  6794 | D:8      | Found a staircase to the Lair.
  6822 | D:8      | Reached skill level 11 in Fighting
  6822 | D:8      | Reached XP level 10. HP: 69/69 MP: 10/10
  6903 | D:8      | Noticed a two-headed ogre
  6925 | D:8      | HP: 6/70 [two-headed ogre/giant spiked club (15)]
  6925 | D:8      | HP: 2/70 [two-headed ogre/giant spiked club (4)]
  6929 | D:8      | Killed a two-headed ogre
  7139 | D:8      | Reached ***** piety under Makhleb
  7319 | D:8      | Reached skill level 1 in Invocations
  7731 | D:9      | Reached skill level 2 in Invocations
  7763 | D:9      | Reached skill level 9 in Axes
  8120 | D:9      | Reached skill level 3 in Invocations
  8257 | D:9      | Found a bloodstained altar of Trog.
  8271 | D:9      | Reached skill level 12 in Fighting
  8477 | D:10     | Entered Level 10 of the Dungeon
  8598 | D:10     | Killed an unseen horror
  8598 | D:10     | Reached skill level 4 in Invocations
  8684 | D:10     | Noticed a two-headed ogre
  8706 | D:10     | Killed a two-headed ogre
  8706 | D:10     | Reached skill level 5 in Invocations
  8706 | D:10     | Reached XP level 11. HP: 53/76 MP: 14/14
  8772 | D:10     | Noticed a two-headed ogre
  8791 | D:10     | Killed a two-headed ogre
  8828 | D:10     | Found an iron altar of Okawaru.
  9174 | D:11     | Noticed a cyclops
  9183 | D:11     | Killed a cyclops
  9183 | D:11     | Reached skill level 10 in Axes
  9218 | D:11     | Reached skill level 6 in Invocations
  9396 | D:11     | Noticed a five-headed hydra
  9403 | D:11     | Killed a five-headed hydra
  9403 | D:11     | Reached skill level 13 in Fighting
  9411 | D:11     | Noticed a skeletal warrior
  9433 | D:11     | Noticed a two-headed ogre
  9438 | D:11     | Noticed a skeletal warrior
  9440 | D:11     | Killed a skeletal warrior
  9443 | D:11     | Noticed a two-headed ogre
  9443 | D:11     | HP: 19/78 [two-headed ogre/dire flail (6)]
  9444 | D:11     | Noticed a skeletal warrior
  9444 | D:11     | Noticed a seven-headed hydra
  9445 | D:11     | Noticed a skeletal warrior
  9445 | D:11     | Killed a two-headed ogre
  9455 | D:11     | HP: 16/78 [wyvern (4)]
  9464 | D:11     | Killed a two-headed ogre
  9464 | D:11     | Reached skill level 7 in Invocations
  9479 | D:11     | Killed a skeletal warrior
  9499 | D:11     | Killed a skeletal warrior
  9510 | D:11     | Killed a skeletal warrior
  9511 | D:11     | HP: 17/78 [seven-headed hydra (5)]
  9514 | D:11     | Killed a seven-headed hydra
  9514 | D:11     | Reached XP level 12. HP: 36/84 MP: 17/17
  9861 | Lair:1   | Entered Level 1 of the Lair of Beasts
  9924 | Lair:1   | Reached skill level 8 in Invocations
 10006 | Lair:1   | Reached skill level 11 in Axes
 10205 | Lair:1   | Reached skill level 14 in Fighting
 10529 | Lair:2   | Reached skill level 9 in Invocations
 10648 | Lair:2   | Reached skill level 1 in Armour
 10648 | Lair:2   | Reached skill level 1 in Shields
 10652 | Lair:2   | Reached skill level 1 in Throwing
 10699 | Lair:2   | Noticed a four-headed hydra
 10721 | Lair:2   | Killed a four-headed hydra
 10721 | Lair:2   | Reached skill level 2 in Shields
 11217 | Lair:2   | Reached skill level 2 in Armour
 11226 | Lair:2   | Learned a level 3 spell: Conjure Flame
 11600 | Lair:3   | Found a staircase to the Snake Pit.
 11627 | Lair:3   | Reached skill level 2 in Throwing
 11629 | Lair:3   | Reached skill level 1 in Evocations
 11632 | Lair:3   | Reached skill level 1 in Conjurations
 11711 | Lair:3   | Reached skill level 1 in Fire Magic
 11729 | Lair:3   | Reached skill level 1 in Spellcasting
 11729 | Lair:3   | Reached XP level 13. HP: 90/90 MP: 20/20
 11881 | Lair:3   | Found a staircase to the Shoals.
 12184 | Lair:3   | Noticed Gastronok
 12209 | Lair:3   | HP: 22/91 [Gastronok (21)]
 12285 | Lair:3   | Killed Gastronok
 12285 | Lair:3   | Reached skill level 3 in Armour
 12285 | Lair:3   | Reached skill level 3 in Shields
 12285 | Lair:3   | Reached skill level 2 in Conjurations
 12532 | Lair:4   | Noticed Scuka's ghost (journeyman BaFi)
 12568 | Lair:4   | Killed Scuka's ghost
 12568 | Lair:4   | Reached skill level 2 in Fire Magic
 12568 | Lair:4   | Reached skill level 2 in Evocations
 12678 | Lair:4   | Reached skill level 2 in Spellcasting
 13303 | Lair:5   | Reached skill level 3 in Throwing
 13327 | Lair:5   | Got a pitted ring mail
 13338 | Lair:5   | Identified the +1 ring mail of the Prince {rC+++ rCorr Str-2 SInv} (You found it on level 5 of the Lair of Beasts)
 13390 | Lair:5   | Reached skill level 3 in Conjurations
 13513 | Lair:5   | Reached skill level 4 in Shields
 13903 | Lair:5   | Reached skill level 4 in Armour
 14097 | Lair:6   | Entered Level 6 of the Lair of Beasts
 14113 | Lair:6   | Found a staircase to the Slime Pits.
 14132 | Lair:6   | Reached skill level 3 in Fire Magic
 14181 | Lair:6   | Found a glowing golden altar of the Shining One.
 14432 | Lair:6   | Reached skill level 10 in Invocations
 14444 | Lair:6   | Reached skill level 3 in Evocations
 14480 | Lair:6   | Reached skill level 3 in Spellcasting
 14484 | Lair:6   | Gained mutation: Your large and strong wings let you fly indefinitely. [Gargoyle growth]
 14484 | Lair:6   | Reached XP level 14. HP: 85/96 MP: 21/21
 14522 | Lair:6   | Reached skill level 4 in Conjurations
 14548 | Lair:6   | HP: 4/96 [death yak (18)]
 14574 | Lair:6   | Reached skill level 4 in Throwing
 14854 | Lair:6   | Reached skill level 4 in Fire Magic
 14882 | Lair:6   | Reached skill level 5 in Shields
 14952 | Lair:6   | Reached skill level 5 in Armour
 15295 | Lair:6   | Identified 2 scrolls of acquirement
 15740 | D:12     | Reached skill level 12 in Axes
 15763 | D:12     | Found Eqie's Weapon Shoppe.
 15763 | D:12     | Found a staircase to the Orcish Mines.
 16050 | D:12     | Found an ancient bone altar of Kikubaaqudgha.
 16138 | D:12     | Reached skill level 4 in Evocations
 16233 | D:12     | Reached ****** piety under Makhleb
 16245 | D:12     | Found Niumu's General Store.
 16371 | Orc:1    | Entered Level 1 of the Orcish Mines
 16371 | Orc:1    | Noticed Erolcha
 16382 | Orc:1    | Killed Erolcha
 16389 | Orc:1    | Reached skill level 5 in Conjurations
 16410 | Orc:1    | Reached skill level 15 in Fighting
 16410 | Orc:1    | Reached skill level 4 in Spellcasting
 16558 | Orc:1    | Paralysed by an orc sorcerer for 6 turns
 16738 | Orc:2    | Entered Level 2 of the Orcish Mines
 16799 | Orc:2    | Reached skill level 5 in Throwing
 16803 | Orc:2    | Found a roughly hewn altar of Beogh.
 17034 | Orc:2    | Found a staircase to the Elven Halls.
 17057 | Orc:2    | Paralysed by an orc sorcerer for 6 turns
 17065 | Orc:2    | Noticed an orc warlord
 17071 | Orc:2    | Reached skill level 6 in Armour
 17080 | Orc:2    | HP: 20/98 [orc warrior/long sword (13)]
 17080 | Orc:2    | HP: 5/98 [chaos spawn[an orc sorcerer] (12)]
 17086 | Orc:2    | Found Jihiat's Jewellery Shop.
 17086 | Orc:2    | Found Xipahiul's General Store.
 17135 | Orc:2    | Reached skill level 5 in Fire Magic
 17160 | Orc:2    | Found Ronn's Antique Armour Boutique.
 17160 | Orc:2    | Found Pogack's Antique Weapon Boutique.
 17162 | Orc:2    | HP: 22/98 [orc warlord/great mace of venom (41)]
 17169 | Orc:2    | HP: 10/98 [orc warrior/battleaxe (9)]
 17170 | Orc:2    | Killed an orc warlord
 17170 | Orc:2    | Reached XP level 15. HP: 34/103 MP: 23/23
 17293 | Orc:2    | Reached skill level 5 in Evocations
 17770 | Orc:2    | Bought a transparent scale mail for 198 gold pieces
 17770 | Orc:2    | Bought a blackened helmet for 209 gold pieces
 17780 | Orc:2    | Identified the +1 helmet of the New World {rElec rC+++ Int-2 Dex-5} (You bought it in a shop on level 2 of the Orcish Mines)
 17790 | Orc:2    | Identified the +3 scale mail "Nifaoxog" {Slay+3} (You bought it in a shop on level 2 of the Orcish Mines)
 18355 | D:13     | Found a gate to the Vaults.
 18377 | D:13     | Reached skill level 11 in Invocations
 18380 | D:13     | Reached skill level 5 in Spellcasting
 18709 | D:13     | Reached skill level 7 in Armour
 19164 | D:13     | Reached skill level 6 in Throwing
 19386 | Snake:1  | Entered Level 1 of the Snake Pit
 19617 | Snake:1  | Noticed Aizul
 19713 | Snake:1  | Killed Aizul
 19713 | Snake:1  | Reached skill level 3 in Dodging
 20034 | Snake:2  | HP: 20/103 [shock serpent/bolt of electricity (8)]
 20136 | Snake:2  | HP: 25/103 [naga warrior/hand axe (8)]
 20142 | Snake:2  | HP: 6/103 [naga warrior/hand axe (18)]
 21031 | Snake:2  | Noticed Vashnia
 21717 | Snake:2  | HP: 21/104 [Vashnia/arrow (21)]
 21733 | Snake:2  | HP: 21/104 [naga sharpshooter/bolt[Vashnia] (9)]
 21736 | Snake:2  | Killed Vashnia
 21736 | Snake:2  | Reached skill level 6 in Conjurations
 21736 | Snake:2  | Reached XP level 16. HP: 43/109 MP: 24/24
 21743 | Snake:2  | Reached skill level 8 in Armour
 21953 | Snake:2  | Found Gelyura's Gadget Boutique.
 21955 | Snake:2  | Found Gokkopni's Jewellery Shoppe.
 21956 | Snake:2  | Found Napuang's Gadget Boutique.
 22024 | Snake:3  | Reached skill level 4 in Dodging
 22058 | Snake:3  | Reached skill level 6 in Fire Magic
 22082 | Snake:3  | Noticed a nagaraja
 22117 | Snake:3  | Killed a nagaraja
 22257 | Snake:3  | Reached skill level 13 in Axes
 22275 | Snake:3  | Reached skill level 12 in Invocations
 22407 | Snake:3  | Reached skill level 16 in Fighting
 22612 | Snake:3  | Reached skill level 7 in Conjurations
 22836 | Snake:4  | Entered Level 4 of the Snake Pit
 22871 | Snake:4  | Noticed a nagaraja
 22884 | Snake:4  | Reached skill level 5 in Dodging
 22891 | Snake:4  | Killed a nagaraja
 23041 | Snake:4  | Noticed a nagaraja
 23051 | Snake:4  | Killed a nagaraja
 23051 | Snake:4  | Reached skill level 9 in Armour
 23193 | Snake:4  | Reached skill level 7 in Fire Magic
 23234 | Snake:4  | Noticed a nagaraja
 23243 | Snake:4  | Killed a nagaraja
 23273 | Snake:4  | Noticed a nagaraja
 23293 | Snake:4  | Killed a nagaraja
 23298 | Snake:4  | Reached XP level 17. HP: 109/115 MP: 26/26
 23452 | Snake:4  | Reached skill level 8 in Conjurations
 23881 | Snake:4  | Reached skill level 6 in Dodging
 24049 | Snake:4  | Got a serpentine rune of Zot
 24199 | Snake:1  | Learned a level 5 spell: Fireball
 24294 | Shoals:1 | Entered Level 1 of the Shoals
 24356 | Shoals:1 | Reached skill level 8 in Fire Magic
 24389 | Shoals:1 | p0werm0de: https://discord.gg/VyA9mh XTAHUA discord channel !! , come in !! WELCOME !! we have bewbs !!
 24475 | Shoals:1 | Reached skill level 10 in Armour
 24533 | Shoals:1 | Noticed Nikola
 24551 | Shoals:1 | Killed Nikola
 24551 | Shoals:1 | Reached skill level 13 in Invocations
 24646 | Shoals:1 | Found Ulilaami's Assorted Antiques.
 24654 | Shoals:1 | Bought a scroll of enchant weapon for 247 gold pieces
 24697 | Shoals:1 | Noticed Roxanne
 25274 | Shoals:2 | Reached skill level 9 in Conjurations
 25616 | Shoals:2 | Reached XP level 18. HP: 122/122 MP: 27/27
 26352 | Shoals:3 | Found a frozen archway.
 26360 | Shoals:3 | Found Boedwoiwyl's Weapon Shoppe.
 26362 | IceCv    | Entered an ice cave
 26769 | IceCv    | Reached skill level 7 in Dodging
 26783 | IceCv    | Reached skill level 9 in Fire Magic
 26815 | IceCv    | Reached skill level 14 in Axes
 27202 | Shoals:3 | Reached skill level 17 in Fighting
 27684 | Shoals:4 | Entered Level 4 of the Shoals
 27853 | Shoals:4 | Got a fine helmet
 27864 | Shoals:4 | Identified the +0 helmet of Follow the Leader {Dex+7} (You found it on level 4 of the Shoals)
 27948 | Shoals:4 | Reached skill level 11 in Armour
 28141 | Shoals:4 | Reached skill level 10 in Conjurations
 28217 | Shoals:4 | HP: 28/123 [merfolk aquamancer/ball of steam (8)]
 28280 | Shoals:4 | Got a barnacled rune of Zot
 28328 | Shoals:4 | Noticed Ilsuiw
 28367 | Shoals:4 | Killed Ilsuiw
 29172 | D:14     | Noticed Josephine
 29185 | D:14     | Killed Josephine
 29227 | D:14     | Reached XP level 19. HP: 128/128 MP: 29/29
 29527 | D:14     | Reached skill level 6 in Shields
 29545 | D:14     | Found a burning altar of Makhleb.
 29634 | D:14     | Noticed Snorg
 29648 | D:14     | Killed Snorg
 29866 | D:15     | Entered Level 15 of the Dungeon
 29876 | D:15     | Found a blossoming altar of Fedhas.
 29898 | D:15     | Found a flickering gateway to a bazaar.
 29911 | Bazaar   | Entered a bazaar
 29938 | Bazaar   | Found Vaj Jomm's Distillery.
 29938 | Bazaar   | Found Vocaed's Magic Scroll Emporium.
 29948 | Bazaar   | Bought a potion of heal wounds for 65 gold pieces
 29948 | Bazaar   | Bought a potion of heal wounds for 65 gold pieces
 29959 | Bazaar   | Found Haneguxt's Antique Armour Shoppe.
 29959 | Bazaar   | Found Nagywia's Magic Scroll Emporium.
 29963 | Bazaar   | Bought a scroll of enchant weapon for 127 gold pieces
 30018 | Bazaar   | Bought a pair of glowing boots for 150 gold pieces
 30133 | D:15     | Reached skill level 14 in Invocations
 30240 | D:15     | Reached skill level 12 in Armour
 30299 | D:15     | Found a staircase to the Depths.
 30321 | D:15     | Noticed Urug
 30328 | D:15     | Killed Urug
 30421 | D:15     | Learned a level 4 spell: Sticky Flame
 30584 | D:15     | Reached skill level 10 in Fire Magic
 30762 | D:15     | Reached skill level 8 in Dodging
 31007 | Elf:1    | Entered Level 1 of the Elven Halls
 31360 | Elf:1    | HP: 32/128 [glaive of holy wrath (12)]
 31378 | Elf:1    | Noticed a Brimstone Fiend
 31392 | Elf:1    | Reached skill level 7 in Shields
 31603 | Elf:1    | Identified the Reference Book on Icy Battle Magic
 31650 | Elf:1    | Found Jamebeiz's General Store.
 32081 | Elf:2    | Reached skill level 13 in Armour
 32950 | Elf:2    | Found a large runed door.
 32950 | Elf:2    | Found a large runed door.
 32981 | Elf:2    | Found a large runed door.
 32981 | Elf:2    | Found a large runed door.
 33062 | Elf:2    | Reached XP level 20. HP: 132/136 MP: 30/30
 33141 | Elf:2    | Reached skill level 8 in Shields
 33565 | Vaults:1 | Entered Level 1 of the Vaults
 33706 | Vaults:1 | Reached skill level 9 in Dodging
 33710 | Vaults:1 | Reached skill level 15 in Axes
 33710 | Vaults:1 | Reached skill level 14 in Armour
 33772 | Vaults:1 | Reached skill level 18 in Fighting
 33848 | Vaults:1 | Reached skill level 15 in Invocations
 34171 | Vaults:1 | Reached skill level 9 in Shields
 34221 | Vaults:1 | HP: 34/136 [fire giant/bolt of fire (31)]
 35195 | Vaults:2 | Found a magical portal.
 35204 | WizLab   | Entered Wucad Mu's Monastery
 35365 | WizLab   | Found the +9 staff of Wucad Mu {channel}
 35836 | Vaults:2 | Found a staircase to the Crypt.
 35855 | Vaults:2 | Paralysed by a vampire knight for 2 turns
 35888 | Vaults:2 | Reached skill level 15 in Armour
 36059 | Vaults:2 | Reached skill level 3 in Stealth
 36125 | Vaults:2 | Reached XP level 21. HP: 142/142 MP: 32/32
 36418 | Vaults:2 | Reached skill level 4 in Stealth
 36919 | Vaults:3 | Reached skill level 10 in Shields
 37081 | Vaults:3 | Reached skill level 10 in Dodging
 37107 | Vaults:3 | Reached skill level 5 in Stealth
 37318 | Vaults:3 | Reached skill level 19 in Fighting
 37482 | Vaults:3 | Got a dull robe
 37595 | Vaults:3 | Identified a +0 pair of boots of running (You found it on level 3 of the Vaults)
 37652 | Vaults:3 | Reached skill level 16 in Armour
 37741 | Vaults:3 | Reached skill level 11 in Conjurations
 38114 | Vaults:4 | Found Aniaca's Assorted Antiques.
 38204 | Vaults:4 | Reached skill level 6 in Stealth
 38345 | Vaults:4 | Reached XP level 22. HP: 121/150 MP: 33/33
 38361 | Vaults:4 | HP: 30/150 [stone giant (35)]
 38362 | Vaults:4 | Reached skill level 11 in Fire Magic
 38444 | Vaults:4 | HP: 37/150 [stone giant (32)]
 38448 | Vaults:4 | Hit by a large rock thrown by a stone giant

Skill      XL: |  1  2  3  4  5  6  7  8  9 10 11 12 13 14 15 16 17 18 19 20 21 22 |
---------------+-------------------------------------------------------------------+-----
Fighting       | 5 6 7 9 11 12 13 14 15 16 17 18 19 | 19.3
Maces & Flails | 4 |  4.9
Axes           | 2 4 6 8 9 10 11 12 13 14 15 | 15.8
Invocations    | 5 7 9 10 11 12 13 14 15 | 15.0
Armour         | 2 4 6 7 9 10 11 13 15 16 | 16.3
Shields        | 2 4 5 7 9 10 | 10.7
Throwing       | 2 3 5 6 |  6.1
Evocations     | 1 3 4 5 |  5.0
Conjurations   | 1 3 5 6 7 9 10 11 | 11.2
Fire Magic     | 1 3 5 7 8 9 10 11 | 11.0
Spellcasting   | 1 3 4 5 |  5.0
Dodging        | 3 5 6 7 8 9 10 | 10.3
Stealth        | 3 6 |  6.3

Action                   |  1- 3 |  4- 6 |  7- 9 | 10-12 | 13-15 | 16-18 | 19-21 | 22-24 || total
-------------------------+-------+-------+-------+-------+-------+-------+-------+-------++-------
Melee: Mace              |    11 |       |       |       |       |       |       |       ||    11
       Short sword       |    53 |   283 |   701 |   254 |       |       |       |       ||  1291
       War axe           |       |       |       |   341 |       |       |       |       ||   341
       Broad axe         |       |       |       |   197 |  1192 |  1476 |  1593 |    91 ||  4549
Throw: Tomahawk          |       |       |    43 |    20 |       |    17 |    11 |       ||    91
 Cast: Conjure Flame     |       |       |       |       |       |     1 |       |       ||     1
       Sticky Flame      |       |       |       |       |       |       |     2 |       ||     2
Invok: Lesser Servant of |       |       |     3 |    12 |    63 |    27 |    16 |       ||   121
       Minor Destruction |       |       |       |     4 |       |     1 |       |       ||     5
       Major Destruction |       |       |       |     4 |    11 |       |     1 |       ||    16
       Greater Servant o |       |       |       |       |     1 |     2 |    10 |     2 ||    15
 Abil: Fly               |       |       |       |       |     1 |     2 |       |       ||     3
       Stop Flying       |       |       |       |       |       |     2 |       |       ||     2
Evoke: Wand              |       |       |     2 |    11 |     2 |     1 |     3 |       ||    19
  Use: Potion            |     2 |       |       |     6 |    17 |     3 |     7 |     2 ||    37
       Scroll            |       |       |    12 |     7 |    23 |    12 |    15 |       ||    69
 Stab: Sleeping          |     1 |     1 |    10 |    11 |    15 |     4 |    17 |       ||    59
       Distracted        |       |       |     4 |     2 |    14 |    10 |     9 |       ||    39
       Invisible         |       |       |       |       |    16 |       |     8 |       ||    24
       Fleeing           |       |       |       |       |     1 |       |       |       ||     1
  Eat: Ration            |     1 |       |       |     1 |     2 |     4 |     1 |       ||     9
       Chunk             |       |     8 |    15 |    15 |    25 |    17 |    29 |       ||   109
Armor: Robe              |    14 |       |       |       |       |       |       |       ||    14
       Ring mail         |    13 |   156 |   469 |   579 |   869 |  1006 |   638 |    11 ||  3741
Dodge: Dodged            |    38 |   175 |   603 |   542 |   555 |  1066 |   739 |    12 ||  3730
Block: Buckler           |       |       |       |    20 |   448 |   687 |       |       ||  1155
       Shield            |       |       |       |       |       |   153 |  1280 |    50 ||  1483
       Reflection        |       |       |       |       |       |       |    65 |     2 ||    67

Vault maps used:
D:1:      tarquinn_simple_flora_water_d
D:2:      kennysheep_slug_shrine, bloody_makhleb, uniq_jessica, uniq_sigmund
D:3:      st_stairs_3, uniq_ijyb
D:4:      nicolae_overflow_hidden_temple, cheibrodos_sewer_entry_sluice
D:5:      minmay_temple_entry_glassed_door, first_ration
D:6:      minitemple, basic_altar, grunt_decor_mini_mirrors, eino_tiny_chamber,
          uniq_blork_the_orc, uniq_menkaure
D:7:      xom_redecorated, the_bakery, minmay_small_thing
D:8:      erik_lair_island, serial_undead, serial_undead_b, serial_undead_e,
          serial_undead_d, serial_undead_f, minmay_unpleasant_kobolds
D:9:      lemuel_doored_altar
D:10:     okawaru_ov_weapons_minmay
D:12:     orc_david_3, serial_glass, glass_columns_a, glass_columns_a,
          feat_on_display, minmay_strange_pillars, minmay_strange_pillars,
          minmay_strange_pillars, serial_shops, shop, lemuel_hellish_altar
D:13:     lightli_vaults_fourway_checkpoint
D:14:     minmay_staircase_bubble, basic_altar, uniq_josephine, uniq_snorg
D:15:     hangedman_depths_entry_try_elsewhere_first, fedhas_altar_2,
          serial_shops, bzr_entry_lakeside, uniq_urug
Lair:2:   minmay_lair_oklob_chamber
Lair:3:   elwin_shoals_entry_rooms, minmay_snake_entry_guardpost_medium,
          uniq_gastronok
Lair:4:   serial_bayou, serial_bayou_shore_b, serial_bayou_pond_a,
          serial_bayou_pond_b, serial_bayou_lake_a, minmay_lindwurm_lava,
          lemuel_fruit_fields
Lair:5:   grunt_megastairs_2
Lair:6:   hangedman_lair_in_review, guppyfry_lair_end_dragon,
          minmay_slime_entry_oklob_open, basic_altar
Shoals:1: serial_shops, nicolae_shop_competitors_out_of_business, uniq_nikola,
          uniq_roxanne
Shoals:2: nicolae_shoals_undead_eyrie
Shoals:3: portal_ice_cave_entry_pillars_1, serial_shops, nicolae_shop_waterfront
Shoals:4: shoals_end_hangedman, shoals_ilsuiw_alternative
Snake:1:  uniq_aizul
Snake:2:  grunt_megastairs_3, minmay_shop_grove, uniq_vashnia
Snake:4:  grunt_snake_rune_pools
Orc:1:    guppyfry_orc_lava_fort, uniq_erolcha
Orc:2:    st_orc_congregation, nicolae_orc_sculptors_studio, mines2_david
Elf:1:    eino_elf_arrival_sip, serial_shops, shop, minivault_28,
          minmay_misc_feat_ornament, grunt_ministairs_11
Elf:2:    roderic_lattice_octagonal_star
Vaults:1: nicolae_vaults_quadrants, vaults_mumra_lcd,
          hangedman_vaults_restitches, v_misc_17, v_pattern_2, v_misc_27,
          hangedman_vaults_pinch, vaults_room_grunt_arrival_ludios,
          grunt_vaults_swirl, vaults_dpeg_ring, grunt_vaults_hallway_short,
          vaults_dpeg_cross, ontoclasm_vaults_misaligned, v_misc_22,
          vaults_room_semicircle, vaults_dpeg_encased_lava, serial_glass
Vaults:2: v_misc_22, hangedman_vaults_restitches, vaults_mumra_minichess,
          minmay_crypt_entry_simple_corners, hangedman_vaults_snaps,
          vaults_room_door_ring, v_misc_18, nicolae_vaults_circle_grid_b,
          ontoclasm_vaults_gallery, nicolae_vaults_ninety_degrees,
          dpeg_vaults_monster_box, v_misc_13, v_misc_25,
          infiniplex_enter_wizlab_water
Vaults:3: nicolae_vaults_border_crossing, hangedman_vaults_nodes,
          hangedman_vaults_corner_blocks, v_misc_23, v_misc_15,
          hangedman_vaults_capsules, nicolae_vaults_network_periphery,
          v_misc_13, nicolae_vaults_network_quinsquares, vaults_room_door_ring,
          vaults_room_pools, dpeg_vaults_waves, vaults_dpeg_hooks,
          hangedman_vaults_trim, nicolae_vaults_asterisk
Vaults:4: v_pattern_5, vaults_room_ringed_pool, nicolae_vaults_circle_grid_b,
          nicolae_vaults_triangles, ontoclasm_vaults_ring_small,
          ontoclasm_vaults_water_temple, v_misc_25,
          nicolae_vaults_little_squares_4, vaults_room_door_ring,
          ontoclasm_vaults_twist, serial_shops, nicolae_shop_behind_doors,
          uniq_donald
Bazaar:   bazaar_short_row
Sewer:    sewer_co_scattered_pipes
IceCv:    ice_cave_caverns_01
WizLab:   wizlab_wucad

Table legend:
 A = Turns spent in this place as a percentage of turns spent in the entire game.
 B = Non-inter-level travel turns spent in this place as a percentage of non-inter-level travel turns spent in the entire game.
 C = Inter-level travel turns spent in this place as a percentage of turns spent in this place.
 D = Turns resting spent in this place as a percentage of non-inter-level travel turns spent in this place.
 E = Turns spent auto-exploring this place as a percentage of non-inter-level travel turns spent in this place.
 F = Non-inter-level travel turns spent in this place divided by the number of levels of this place that you've seen.
                   A       B       C       D       E      F
               +-------+-------+-------+-------+-------+----------------------
         Total | 100.0 | 100.0 |   7.4 |   1.8 |  66.1 | 868.0
       Dungeon |  34.2 |  33.7 |   8.8 |   0.2 |  69.2 | 800.0
          Lair |  15.6 |  15.4 |   8.5 |   1.6 |  75.2 | 915.0
        Shoals |  10.6 |  11.0 |   4.2 |   0.0 |  63.9 | 980.5
     Snake Pit |  11.4 |  11.5 |   6.6 |   5.1 |  59.2 | 1021.2
  Orcish Mines |   5.5 |   4.8 |  18.2 |   3.8 |  55.5 | 861.0
   Elven Halls |   6.4 |   6.4 |   8.1 |   0.2 |  66.9 | 1139.0
        Vaults |  11.4 |  11.9 |   3.4 |   5.2 |  60.2 | 1058.2
        Bazaar |   0.4 |   0.4 |   0.0 |   0.0 |  51.9 | 135.0
         Sewer |   1.7 |   1.9 |   0.0 |   0.0 |  71.4 | 672.0
      Ice Cave |   1.4 |   1.5 |   0.0 |   0.0 |  46.5 | 551.0
        Wizlab |   1.3 |   1.4 |   0.0 |   3.8 |  65.5 | 502.0
               +-------+-------+-------+-------+-------+----------------------

Table legend:
 A = Kills in this place as a percentage of kills in entire the game.
 B = Kills by you in this place as a percentage of kills by you in the entire game.
 C = Kills by friends in this place as a percentage of kills by friends in the entire game.
 D = Other kills in this place as a percentage of other kills in the entire game.
 E = Experience gained in this place as a percentage of experience gained in the entire game.
 F = Experience gained in this place divided by the number of levels of this place that you have seen.
                   A       B       C       D       E      F
               +-------+-------+-------+-------+-------+----------------------
         Total | 100.0 | 100.0 | 100.0 | 100.0 | 100.0 | 14679.9
       Dungeon |  28.7 |  29.9 |  20.1 |   0.0 |  11.9 | 4785.1
          Lair |   9.2 |   9.6 |   6.5 |   4.8 |   7.6 | 7578.5
        Shoals |  10.5 |  10.0 |  16.5 |   9.5 |  14.4 | 21704.0
     Snake Pit |  11.9 |  12.2 |  10.1 |   4.8 |  18.2 | 27432.8
  Orcish Mines |  10.4 |   8.5 |  30.9 |   0.0 |   3.6 | 10961.0
   Elven Halls |   7.0 |   6.5 |  10.1 |  23.8 |  11.5 | 34706.5
        Vaults |  17.3 |  17.8 |   5.8 |  57.1 |  30.7 | 46180.8
         Sewer |   1.3 |   1.4 |   0.0 |   0.0 |   0.0 |  67.0
      Ice Cave |   3.7 |   4.1 |   0.0 |   0.0 |   1.8 | 10738.0
        Wizlab |   0.1 |   0.1 |   0.0 |   0.0 |   0.2 | 1217.0
               +-------+-------+-------+-------+-------+----------------------
